AoeStats
← CYE RUD3 BO1

Black Forest

509335122Analyzed
2v2 RM · 5d ago on Sep 26, 2026· 47m 56s· 4 players
Game mode
Random Map
Map size
Medium (4 player)
Population
200
Speed
Normal
Resources
Standard
Victory
Conquest
Starting age
Dark Age
Ending age
Imperial Age
RankedLock teamsTeams togetherTeam positionsShared explorationLock speedFull tech treeHidden civsTurbo modeCheats
Victory
Defeat
🇺🇸 Persians · United States
822
+16
🇧🇪 Spanish · Belgium
811
+17
🇬🇧 Khmer · United Kingdom
827
-17
🇬🇧 Wei · United Kingdom
826
-16
Gokui
0:32 Loom
14:42 Feudal Age
15:03 Horse Collar
15:11 Double-Bit Axe
27:51 Castle Age
25:45 Gold Mining
26:32 Bloodlines
27:21 Scale Barding Armor
27:12 Stone Mining
29:10 Caravan
29:16 Heavy Plow
29:33 Husbandry
29:47 Bow Saw
30:18 Stone Shaft Mining
31:46 Ballistics
39:06 Imperial Age
37:08 Fortified Wall
36:53 Murder Holes
40:00 Scale Barding Armor
40:06 Forging
39:57 Elite Conquistador
41:01 Conscription
40:06 Elite Conquistador
41:40 Wheelbarrow
40:51 Town Watch
41:17 Masonry
41:09 Scale Mail Armor
42:29 Chain Barding Armor
42:42 Cavalier
44:51 Hand Cart
46:13 Town Patrol
47:46 Plate Barding Armor
48:09 Hoardings
49:33 Two-Man Saw
Kris
13:56 Feudal Age
18:06 Castle Age
17:38 Double-Bit Axe
17:34 Horse Collar
18:48 Stone Mining
19:23 Gold Mining
19:58 Bow Saw
30:00 Stone Shaft Mining
34:21 Imperial Age
31:37 Town Watch
31:39 Loom
32:52 Heavy Plow
33:33 Wheelbarrow
32:59 Town Patrol
33:52 Gold Shaft Mining
33:42 Kamandaran
34:32 Hand Cart
34:47 Padded Archer Armor
34:38 Fletching
34:13 Crossbowman
35:24 Thumb Ring
37:04 Chemistry
36:24 Ballistics
37:03 Conscription
36:45 Elite War Elephant
38:27 Pikeman
39:07 Squires
39:56 Crop Rotation
40:42 Two-Man Saw
40:04 Leather Archer Armor
39:45 Bodkin Arrow
40:50 Scale Barding Armor
41:16 Ring Archer Armor
45:24 Chain Barding Armor
45:04 Scale Mail Armor
45:14 Forging
CYE RUD3 BO1
11:37 Feudal Age
13:06 Loom
13:23 Double-Bit Axe
13:22 Horse Collar
17:32 Bloodlines
17:32 Scale Barding Armor
17:37 Forging
17:53 Fletching
23:27 Castle Age
25:08 Wheelbarrow
24:36 Heavy Plow
24:48 Bow Saw
26:09 Gold Mining
26:46 Scale Mail Armor
27:22 Iron Casting
27:59 Hand Cart
28:33 Hand Cart
32:15 Imperial Age
31:11 Chain Mail Armor
31:32 Iron Casting
31:55 Town Watch
32:45 Stone Mining
32:53 Pikeman
34:58 Fortified Wall
35:11 Ballistics
36:13 Iron Casting
37:04 Chemistry
37:11 Siege Engineers
37:53 Husbandry
37:14 Light Cavalry
39:17 Chain Barding Armor
39:22 Halberdier
40:48 Masonry
40:14 Heavy Scorpion
44:22 Double Crossbow
44:30 Double Crossbow
48:09 Bodkin Arrow
49:16 Blast Furnace
Hugh Janas93
15:01 Feudal Age
17:46 Double-Bit Axe
21:33 Bloodlines
24:04 Horse Collar
27:55 Castle Age
28:43 Husbandry
36:02 Elite Skirmisher
39:57 Thumb Ring
40:39 Fletching
43:51 Bodkin Arrow
45:56 Heavy Plow
Connection lost

Rejoining the realm…

Still unreachable

The connection could not be restored.

Session expired

The server has moved on; the page needs a fresh start.